 Dungeon Crawl Stone Soup version 0.20.1-1-g8b1a95d (webtiles) character file.

1327 Schiappus the Skirmisher (level 8, -12/95 HPs)
             Began as an Ogre Berserker on Nov 30, 2017.
             Was a Priest of Trog.
             Mangled by an orc warrior
             ... wielding a +0 battleaxe
              (30 damage)
             ... on level 6 of the Dungeon.
             The game lasted 00:14:30 (7114 turns).

Schiappus the Skirmisher (Ogre Berserker)           Turns: 7114, Time: 00:14:30

Health: -12/95     AC:  5    Str: 22    XL:     8   Next: 60%
Magic:  8/8        EV: 11    Int:  8    God:    Trog [***...]
Gold:   309        SH:  0    Dex: 10    Spells: 7/7 levels left

rFire    . . .     SeeInvis .   k - +0 long sword
rCold    . . .     Gourm    .   (no shield)
rNeg     . . .     Faith    .   b - +0 animal skin
rPois    .         Spirit   .   (helmet restricted)
rElec    .         Reflect  .   (no cloak)
rCorr    .         Harm     .   (gloves unavailable)
MR       +....                  (boots unavailable)
Stlth    ++........             (no amulet)
Regen    0.3/turn               u - +1 ring of slaying
MPRegen  0.2/turn               (no ring)

@: lethally poisoned (-12 -> -13), berserk cooldown, slowed, very slow
A: unfitting armour, yellow scales 1, magic resistance 1, robust 1, tough skin 1
a: Berserk, Trog's Hand, Burn Spellbooks, Renounce Religion


You were on level 6 of the Dungeon.
You worshipped Trog.
Trog was most pleased with you.
You were near starving.

You visited 2 branches of the dungeon, and saw 7 of its levels.

You collected 309 gold pieces.

Inventory:

Hand Weapons
 a - a +0 short sword
 k - a +0 long sword (weapon)
Armour
 b - a +0 animal skin (worn)
Jewellery
 u - a +1 ring of slaying (left hand)
Wands
 l - a wand of iceblast (3/15)
 w - a wand of disintegration (10/24)
Scrolls
 e - a scroll of blinking
 f - 5 scrolls of teleportation
 g - 2 scrolls of amnesia
 q - a scroll of random uselessness
 r - 2 scrolls of fear
 t - 3 scrolls of remove curse
Potions
 d - a potion of curing
 j - a potion of flight {unknown}
 s - a potion of lignification
 x - a potion of brilliance
Comestibles
 c - 4 bread rations
 i - a royal jelly
 p - 6 meat rations
 z - 3 fruits


   Skills:
 + Level 7.3 Fighting
 + Level 3.0(4.5) Short Blades
 + Level 5.1(5.5) Long Blades
 + Level 4.8 Dodging
 + Level 1.8 Stealth


You had 7 spell levels left.
You didn't know any spells.

Dungeon Overview and Level Annotations

Branches:
Dungeon (6/15)             Temple (1/1) D:4

Altars:
Ashenzari
Cheibriados
Dithmenos
Fedhas
Gozag
Hepliaklqana
Kikubaaqudgha
Makhleb
Nemelex Xobeh
Okawaru
Qazlal
Ru
Sif Muna
Trog
Uskayaw
Vehumet
Xom
Yredelemnul
Zin
The Shining One


Innate Abilities, Weirdness & Mutations

You are too large for most types of armour.
You have tough skin. (AC +1)
You are partially covered in yellow scales. (AC +2)
You are resistant to hostile enchantments. (MR+)
You are robust. (+10% HP)


Message History

You hit the orc warrior but do no damage.
The orc warrior closely misses you.
You riposte.
You barely miss the orc warrior. You barely miss the orc warrior.
You feel sick. The orc warrior closely misses you. The shadow imp hits you.
* * * LOW HITPOINT WARNING * * *
You closely miss the orc warrior. The orc warrior closely misses you.
The shadow imp barely misses you.
You hit the orc warrior but do no damage.
You feel sick. The orc warrior closely misses you. The shadow imp misses you.
The shadow imp closely misses you.
You riposte.
You slash the shadow imp!
You kill the shadow imp!
Trog accepts your kill. The orc warrior closely misses you.
You hit the orc warrior but do no damage.
The orc warrior hits you with a battleaxe!
* * * LOW HITPOINT WARNING * * *
You barely miss the orc warrior.
The orc warrior hits you with a battleaxe!!
You die...

### ###
##.##########.##########
....((...(.)....@o.ooooo
########################
...............#
##############.# # #####
#.#
####...#######.######
.#.#.#................
......................
.#.#.#########.#......


You could see an orc warrior, an orc wizard and 4 orcs.

Vanquished Creatures
  Grinder (D:3)
  A phantom (D:4)
  2 ogres
  A centaur (D:6)
  A wyvern skeleton (D:6)
  2 crimson imps
  2 hounds (D:4)
  An orc priest (D:6)
  A bullfrog skeleton (D:2)
  2 orc wizards (D:6)
  3 iguanas (D:4)
  Ijyb (D:3)
  7 worker ants
  A hound zombie (D:5)
  5 adders
  7 gnolls
  3 shadow imps
  An ooze (D:2)
  2 dart slugs (D:1)
  5 leopard geckos
  5 orcs
  A ball python (D:2)
  7 bats
  4 giant cockroaches
  4 goblins
  8 hobgoblins
  5 jackals
  4 quokkas
  7 frilled lizards
  3 kobolds
  A leopard gecko skeleton (D:5)
  2 quokka skeletons
  A quokka zombie (D:6)
  8 rats
109 creatures vanquished.

Notes
Turn   | Place    | Note
-------+----------+-------------------------------------------
     0 | D:1      | Schiappus the Ogre Berserker began the quest for the Orb.
     0 | D:1      | Reached XP level 1. HP: 24/24 MP: 1/1
   243 | D:1      | Reached XP level 2. HP: 16/32 MP: 2/2
   913 | D:1      | Reached XP level 3. HP: 34/40 MP: 3/3
  1254 | D:2      | HP: 2/40 [rat (2)]
  1255 | D:2      | Reached XP level 4. HP: 3/49 MP: 4/4
  1304 | D:2      | Reached ** piety under Trog
  1800 | D:2      | Reached skill level 5 in Fighting
  2090 | D:2      | Found a shimmering altar of Xom.
  2174 | D:2      | Found a shimmering altar of Xom.
  2175 | D:2      | Found a shimmering altar of Xom.
  2176 | D:2      | You fall through a shaft!
  2208 | D:2      | Reached XP level 5. HP: 42/57 MP: 5/5
  2486 | D:2      | You fall through a shaft for 2 floors!
  2535 | D:4      | Reached skill level 1 in Long Blades
  3223 | D:4      | Noticed a phantom
  3230 | D:4      | Reached XP level 6. HP: 55/66 MP: 6/6
  3250 | D:4      | Killed a phantom
  3250 | D:4      | Reached skill level 1 in Stealth
  3437 | D:4      | Found a staircase to the Ecumenical Temple.
  3702 | D:4      | Reached XP level 7. HP: 35/74 MP: 7/7
  4182 | Temple   | Entered the Ecumenical Temple
  4545 | D:3      | Noticed Ijyb
  4556 | D:3      | Killed Ijyb
  4606 | D:3      | Noticed Grinder
  4626 | D:3      | Killed Grinder
  4626 | D:3      | Reached skill level 6 in Fighting
  5629 | D:3      | Gained mutation: You are robust. (+10% HP) [potion of mutation]
  5629 | D:3      | Gained mutation: You are resistant to hostile enchantments. (MR+) [potion of mutation]
  5629 | D:3      | Gained mutation: You are partially covered in yellow scales. (AC +2) [potion of mutation]
  5720 | D:5      | Entered Level 5 of the Dungeon
  5988 | D:5      | Reached XP level 8. HP: 91/92 MP: 8/8
  6099 | D:5      | Reached *** piety under Trog
  7029 | D:6      | Reached skill level 7 in Fighting
  7092 | D:6      | Reached skill level 5 in Long Blades
  7114 | D:6      | Mangled by an orc warrior

Skill      XL: |  1  2  3  4  5  6  7  8 |
---------------+-------------------------+-----
Dodging        | 3 4 |  4.8
Fighting       | 5 6 7 |  7.3
Short Blades   | 3 |  3.0
Long Blades    | 2 4 5 |  5.1
Stealth        | 1 |  1.8

Action                   |  1- 3 |  4- 6 |  7- 9 || total
-------------------------+-------+-------+-------++-------
Melee: Short sword       |    97 |       |       ||    97
       Long sword        |     8 |   117 |   178 ||   303
Invok: Berserk           |       |     2 |     2 ||     4
  Use: Scroll            |       |       |    12 ||    12
       Potion            |       |       |     4 ||     4
 Stab: Sleeping          |       |       |     1 ||     1
  Eat: Chunk             |     1 |     9 |    12 ||    22
Armor: Animal skin       |    53 |    19 |    38 ||   110
Dodge: Dodged            |    77 |    91 |    97 ||   265
       Rpst.: Long sword |     4 |    27 |    31 ||    62
